 Dungeon Crawl Stone Soup version 0.31-a0-133-gaae73658be (webtiles) character file.

Game seed: 4605628429874617382

482 porpoise the Slasher (level 6, -5/49 HPs)
             Began as a Demonspawn Gladiator on June 1, 2023.
             Was an Initiate of Hepliaklqana.
             Slain by Menkaure (14 damage)
             ... on level 4 of the Dungeon on June 3, 2023.
             The game lasted 00:15:23 (3607 turns).

porpoise the Slasher (Demonspawn Gladiator)         Turns: 3607, Time: 00:15:23

Health: -5/49      AC:  9    Str: 15    XL:     6   Next: 87%
Magic:  6/6        EV: 11    Int:  9    God:    Hepliaklqana [......]
Gold:   177        SH:  5    Dex: 16    Spells: 5/5 levels left

rFire   . . .        a - +0 long sword
rCold   + . .        (no shield)
rNeg    . . .        h - +1 ring mail {rC+}
rPois   .            f - +1 hat
rElec   .            (no cloak)
rCorr   .            (no gloves)
SInv    .            (no boots)
Will    .....        k - amulet of reflection
Stlth   +            (no ring)
HPRegen 0.28/turn    (no ring)
MPRegen 0.10/turn

%: reflection
@: no status effects
A: molten scales 1, foul stench 2, weakness stinger 2
a: Renounce Religion


You were on level 4 of the Dungeon.
You worshipped Hepliaklqana.
Hepliaklqana was noncommittal.
You visited 1 branch of the dungeon, and saw 4 of its levels.

You collected 177 gold pieces.

Inventory:

Hand Weapons
 a - a +0 long sword (weapon)
 b - a +0 sling
 x - the +16 obsidian axe {drain, demonic, Mesm Drain Fly SInv}
   (You found it on level 3 of the Dungeon)

   Mesm:      Its wielder is mesmerised by any visible foes, and it cannot be
   unequipped while any foes are visible.
   SInv:      It lets you see invisible.
   Fly:       It grants you flight.
   Drain:     It drains your maximum health when unequipped.
Missiles
 g - 5 boomerangs (quivered)
 i - 3 throwing nets
 q - 12 poisoned darts
Armour
 c - a +0 helmet
 f - a +1 hat (worn)
 h - a +1 ring mail of cold resistance (worn)
 n - a +0 leather armour
Jewellery
 k - an amulet of reflection (around neck)
 p - an amulet of the acrobat
Scrolls
 d - a scroll of identify
 m - a scroll of teleportation {unknown}
 o - a scroll of amnesia {unknown}
 r - a scroll of magic mapping
 s - a scroll of poison {unknown}
 u - a scroll of fog {unknown}
 v - 2 scrolls of fear {unknown}
 w - 2 scrolls of enchant weapon {unknown}
Potions
 j - 2 potions of curing
 l - a potion of berserk rage
 z - a potion of lignification {unknown}


   Skills:
 + Level 4.6 Fighting
 * Level 6.0 Long Blades
 - Level 1.7 Throwing
 - Level 2.6 Dodging


You had 5 spell levels left.
You didn't know any spells.
Your spell library contained the following spells:

 Spells                   Type           Power      Damage    Failure   Level
 Necrotise                Necr           0%         1d4       63%         1
 Slow                     Hex            0%         N/A       63%         1
 Ensorcelled Hibernation  Hex/Ice        0%         N/A       77%         2
 Confusing Touch          Hex            0%         N/A       94%         3
 Spider Form              Tmut/Pois      0%         N/A       94%         3
 Vampiric Draining        Necr           0%         2d6       94%         3
 Anguish                  Hex/Necr       0%         N/A       100%        4
 Agony                    Necr           0%         N/A       100%        5


Dungeon Overview and Level Annotations

Branches:
Dungeon (4/15)
 Temple: D:4-7

Altars:
Hepliaklqana
Kikubaaqudgha
Qazlal
Sif Muna
Wu Jian
Xom

Annotations:
D:3 1 runed translucent door, loir's ghost, amateur MfGl
D:4 Menkaure


Innate Abilities, Weirdness & Mutations

You are partially covered in molten scales. (AC +2)
You sometimes emit foul miasma when damaged in melee.
You have a tail ending in a sharp stinger.


Message History

No target in view!
Items here: )))))) [ †††.
You start resting.
HP restored.
Unknown command.
Unknown command.
Items here: )))))) [ †††.
v - 2 scrolls labelled ZIASEYX IPUI (gained 1)
You now have 177 gold pieces (gained 18).
Found a robe.
Menkaure, Prince of Dust comes into view.
Found a quarterstaff.
Menkaure whispers in an indecipherable tongue.
Menkaure calls on the powers of darkness!
Your body is wracked with pain!
Throw: javelin
Press: ? - help, Q - select action, (/) - cycle Shift-Dir - straight line, f - Menkaure
Aim: Menkaure (76% to hit)
You throw a javelin. The javelin pierces through Menkaure.
Menkaure is lightly damaged.
Throw: 5 boomerangs
Press: ? - help, Q - select action, (/) - cycle Shift-Dir - straight line, f/p - Menkaure
Aim: Menkaure (lightly damaged, 76% to hit)
You throw a boomerang. The boomerang hits Menkaure.
Menkaure is moderately damaged.
Menkaure mumbles some strange words.
Menkaure seems to speed up.
Menkaure casts a spell at you. Pain shoots through your body!
* * * LOW HITPOINT WARNING * * *
Menkaure misses you.
You hit Menkaure.
Menkaure is moderately damaged.
Menkaure calls on the powers of darkness!
Your body is wracked with pain!
* * * LOW HITPOINT WARNING * * *
You hit Menkaure.
Menkaure is moderately damaged.
Menkaure hits you!
You die...

*,,,,,,,,,,,,,,,*,,,** *......
*,,,,.)..............#* *).....
*,,,,.................* *......
*,,,,.................* *......
*,,,,.........?.......* *......
*,,,,.............!..#* *......
**,,,.....[...........***##..#.
**,,,,,#.....#.........#...##.
*********#..@M............##.
#.###...(..##..#.... #.#
**.............. ##.#
**##...........
##..######*#..........
##..##....# #..........
#..###....# #..........
####.####....###....#.....
#.......................))


You could see Menkaure (fast).

Vanquished Creatures
  A black bear (D:4)
  A phantom (D:3)
  A hound (D:4)
  An orc priest (D:4)
  3 orc wizards (D:4)
  7 adders
  A worm (D:3)
  3 dart slugs
  21 orcs
  5 bats
  4 endoplasms
  3 giant cockroaches
  9 goblins
  6 hobgoblins
  2 quokkas
  7 ball pythons
  4 frilled lizards
  11 kobolds
  9 rats
99 creatures vanquished.

Notes
Turn   | Place    | Note
-------+----------+-------------------------------------------
     0 | D:1      | porpoise the Demonspawn Gladiator began the quest for the
                  | Orb.
     0 | D:1      | Reached XP level 1. HP: 16/16 MP: 1/1
   136 | D:1      | Reached skill level 3 in Long Blades
   181 | D:1      | Gained mutation: You may rarely emit foul miasma when
                  | damaged in melee. [demonic ancestry]
   181 | D:1      | Reached XP level 2. HP: 18/22 MP: 2/2
   598 | D:1      | Gained mutation: You have a small tail. [demonic ancestry]
   598 | D:1      | Reached XP level 3. HP: 22/28 MP: 3/3
   640 | D:1      | You fall into a shaft and drop 1 floor!
  1316 | D:2      | Reached skill level 4 in Long Blades
  1316 | D:2      | Gained mutation: You have a tail ending in a sharp stinger.
                  | [demonic ancestry]
  1316 | D:2      | Reached XP level 4. HP: 24/35 MP: 4/4
  1946 | D:3      | Noticed a phantom
  1968 | D:3      | Killed a phantom
  1969 | D:3      | Gained mutation: You sometimes emit foul miasma when
                  | damaged in melee. [demonic ancestry]
  1969 | D:3      | Reached XP level 5. HP: 27/41 MP: 5/5
  2172 | D:3      | Found a shimmering altar of Xom.
  2172 | D:3      | Found an ancient bone altar of Kikubaaqudgha.
  2180 | D:3      | Found a shimmering blue altar of Sif Muna.
  2184 | D:3      | Found a stormy altar of Qazlal.
  2186 | D:3      | Found a hazy altar of Hepliaklqana.
  2255 | D:3      | Found a runed translucent door.
  2270 | D:3      | Noticed loir's ghost (amateur MfGl)
  2425 | D:3      | Found the +16 obsidian axe {drain, demonic, Mesm Drain Fly
                  | SInv}
  2432 | D:3      | Upgraded the game from 0.31-a0-121-g1e386dd289 to
                  | 0.31-a0-133-gaae73658be
  2503 | D:3      | Reached skill level 5 in Long Blades
  2889 | D:4      | Noticed a black bear
  2900 | D:4      | Killed a black bear
  2901 | D:4      | Gained mutation: You are partially covered in molten
                  | scales. (AC +2) [demonic ancestry]
  2901 | D:4      | Reached XP level 6. HP: 32/48 MP: 6/6
  3071 | D:4      | Found an ornate altar of the Wu Jian Council.
  3165 | D:3      | Became a worshipper of Hepliaklqana the Forgotten
  3430 | D:4      | Reached skill level 6 in Long Blades
  3601 | D:4      | Noticed Menkaure
  3607 | D:4      | Slain by Menkaure

Illustrated notes

Levels and vault maps discovered:
D:1:      evilmike_arrival_rings, layout_loops_cross
D:2:      layout_basic, minmay_shallow_snake_nest
D:3:      layout_basic, chequers_temple_overflow_minitemple,
          ebering_ghost_sewer_d
D:4:      layout_rooms, pdpol_wu_jian_five_deadly_venoms, uniq_menkaure

Skill      XL: |  1  2  3  4  5  6 |
---------------+-------------------+-----
Long Blades    | 3 4 5 6 |  6.0
Fighting       | 3 4 |  4.6
Throwing       | |  1.7
Dodging        | |  2.6

Action                     |  1- 3 |  4- 6 || total
---------------------------+-------+-------++-------
  Melee: Long sword        |   119 |   194 ||   313
         Tailslap          |     8 |    23 ||    31
         Punch             |       |     1 ||     1
   Fire: Sling             |       |     9 ||     9
  Throw: Throwing net      |       |     3 ||     3
         Javelin           |       |     1 ||     1
         Boomerang         |       |     1 ||     1
    Use: Scroll            |       |     4 ||     4
 Armour: Leather armour    |    25 |       ||    25
         Ring mail         |    22 |    58 ||    80
  Dodge: Dodged            |    79 |    93 ||   172
  Block: Other             |     9 |    55 ||    64
         Reflection        |       |     1 ||     1

Table legend: (Time is in decaauts)
 A = Elapsed time spent in this place.
 B = Non-inter-level travel time spent in this place.
 C = Inter-level travel time spent in this place.
 D = Time resting spent in this place.
 E = Time spent auto-exploring this place.
 F = Levels seen in this place.
 G = Mean time per level.
                   A        B        C        D        E       F      G
               +--------+--------+--------+--------+--------+-----+--------+
         Total |   3664 |   3541 |    123 |    729 |   1952 |   4 |  916.0 |
       Dungeon |   3664 |   3541 |    123 |    729 |   1952 |   4 |  916.0 |
               +--------+--------+--------+--------+--------+-----+--------+

Top non-repeatable levels by time:
     D:3: 1018 daAuts
     D:2: 951 daAuts
     D:1: 942 daAuts
     D:4: 753 daAuts
